 Dungeon Crawl Stone Soup version 0.28.0 (webtiles) character file.

Game seed: 4069485378507763579

55 Gabide the Grave Robber (level 3, -4/25 HPs)
             Began as a Mummy Necromancer on Feb 8, 2022.
             Slain by Grinder (7 damage)
             ... on level 2 of the Dungeon.
             The game lasted 00:06:25 (1063 turns).

Gabide the Grave Robber (Mummy Necromancer)         Turns: 1063, Time: 00:06:25

Health: -4/25      AC:  2    Str: 11    XL:     3   Next: 67%
Magic:  8/8        EV: 12    Int: 16    God:
Gold:   50         SH:  0    Dex: 12    Spells: 5/9 levels left

rFire   x . .      SeeInvis .   c - +1 whip (elec)
rCold   + . .      Faith    .   (no shield)
rNeg    + + +      Spirit   .   a - +0 robe
rPois   ∞          Reflect  .   (no helmet)
rElec   .          Harm     .   (no cloak)
rCorr   .          Rampage  .   (no gloves)
Will    .....                   (no boots)
Stlth   ++........              b - amulet of magic regeneration
HPRegen 0.08/turn               (no ring)
MPRegen 0.51/turn               (no ring)

@: no status effects
A: cold resistance 1, negative energy resistance 3, torment resistance 2, heat
vulnerability 1, no potions
a: no special abilities


You were on level 2 of the Dungeon.
You visited 1 branch of the dungeon, and saw 3 of its levels.

You collected 50 gold pieces.

Inventory:

Hand Weapons
 c - a +1 whip of electrocution (weapon)
 e - a +2 short sword of protection
 f - a +3 dagger
Armour
 a - a +0 robe (worn)
Jewellery
 b - an amulet of magic regeneration (around neck)
Scrolls
 d - a scroll of magic mapping


   Skills:
 * Level 0.6 Fighting
 * Level 1.7 Dodging
 * Level 1.9 Stealth
 * Level 3.6 Spellcasting
 * Level 4.6 Necromancy


You had 5 spell levels left.
You knew the following spells:

 Your Spells              Type           Power      Damage    Failure   Level
a - Pain                  Necr           68%        1d7       2%          1
b - Vampiric Draining     Necr           17%        2d7       8%          3

Your spell library contained the following spells:

 Spells                   Type           Power      Damage    Failure   Level
 Animate Skeleton         Necr           34%        N/A       2%          1
 Summon Small Mammal      Summ           8%         N/A       17%         1
 Animate Dead             Necr           8%         N/A       26%         4
 Call Canine Familiar     Summ           2%         N/A       45%         3
 Ozocubu's Armour         Ice            2%         N/A       45%         3
 Summon Guardian Golem    Hex/Summ       2%         N/A       45%         3
 Agony                    Necr           17%        N/A       58%         5
 Metabolic Englaciation   Hex/Ice        1%         N/A       99%         5
 Simulacrum               Ice/Necr       5%         N/A       100%        6


Dungeon Overview and Level Annotations

Branches:
Dungeon (3/15)

Altars:

Annotations:
D:2 Grinder


Innate Abilities, Weirdness & Mutations

You are immune to poison.
Your flesh is cold resistant. (rC+)
You are immune to negative energy. (rN+++)
You are immune to unholy pain and torment.
You are vulnerable to heat. (rF-)
You do not drink.


Message History

You can move again.
There is a stone staircase leading up here.
Grinder says, "FISH!"
You miscast Pain.
You are very lightly contaminated with residual magic.
Nothing appears to happen.
Grinder is unaffected.
You can't see any susceptible monsters within range! (Use Z to cast anyway.) Unknown command.
You aren't carrying any items that you can evoke.
Your +1 whip of electrocution stops crackling.
Your +2 short sword of protection hums with potential!
e - a +2 short sword of protection (weapon)
Magic restored.
Grinder hits you!
You climb upwards.
There is a stone staircase leading down here.
You completely miss Grinder. Grinder completely misses you.
You completely miss Grinder. Grinder closely misses you.
Your magical contamination has completely faded away.
You hit Grinder.
Your weapon exudes an aura of protection.
Grinder is lightly wounded.
Grinder blinks!
Your +2 short sword of protection goes still.
You hear the crackle of electricity.
c - a +1 whip of electrocution (weapon)
Grinder closely misses you.
You hit Grinder but do no damage. Lightning courses through Grinder!
Grinder is heavily wounded.
Grinder hits you.
You are too injured to fight recklessly!
You closely miss Grinder.
Grinder is heavily wounded.
Grinder closely misses you. Grinder hits you!
* * * LOW HITPOINT WARNING * * *
Okay, then.
You hit Grinder but do no damage.
Grinder is moderately wounded.
Grinder hits you!
You die...

#..<.÷.....#.## #...
#.......##....## ######.#.
#.......####...# #........
#######.#####..###........
#....###...#........
###.##................
#........##..#........
#...5....###.#........
####.@##...#.#........
##.##.#.#..........
#>##.#.....÷......
#.##.####.........
#.##....##.....###
#.##.......##...#
#.##.....####...##
#.##.....# ###...
#.##.....# #.....


You could see Grinder.

Vanquished Creatures
  2 dart slugs
  2 ball pythons (D:2)
  5 bats (D:1)
  7 endoplasms
  3 giant cockroaches
  A goblin (D:2)
  3 hobgoblins (D:2)
  2 jackals (D:1)
  5 quokkas (D:2)
  9 kobolds
  5 rats
44 creatures vanquished.

Notes
Turn   | Place    | Note
-------+----------+-------------------------------------------
     0 | D:1      | Gabide the Mummy Necromancer began the quest for the Orb.
     0 | D:1      | Reached XP level 1. HP: 13/13 MP: 4/4
   151 | D:1      | Found a faded altar of an unknown god.
   228 | D:1      | Reached XP level 2. HP: 19/19 MP: 2/5
   488 | D:2      | Reached XP level 3. HP: 24/24 MP: 2/7
  1029 | D:3      | Noticed Grinder
  1043 | D:2      | Learned a level 3 spell: Vampiric Draining
  1044 | D:3      | Paralysed by Grinder for 5 turns
  1063 | D:2      | Slain by Grinder

Illustrated notes

Levels and vault maps discovered:
D:1:      dpeg_arrival_snail, layout_rooms, ebering_ecumenical_altar_petrified,
          amcnicky_mini_rare_corridor_liquid
D:2:      layout_rooms
D:3:      layout_loops_cross, mainiacjoe_overflow_chevrons,
          okawaru_altar_gauntlet_db, overflow_temple_1_default,
          nicolae_elevator_lobby_asterisk, uniq_grinder, uniq_sigmund,
          uniq_robin

Skill      XL: |  1  2 |
---------------+-------+-----
Spellcasting   | 3 |  3.6
Fighting       | |  0.6
Dodging        | |  1.7
Stealth        | |  1.9
Necromancy     | |  4.6

Action                   || total
-------------------------++-------
Melee: Whip              ||     5
       Short sword       ||     3
 Cast: Pain              ||    80
  Use: Scroll            ||     2
Armor: Robe              ||     2
Dodge: Dodged            ||    12
